 Seeded DCSS version 0.27-a0-797-g27d10ad80f (webtiles) character file.

Game seed: 16157704293463917805 (custom seed)

167 sahdkjhfkaj the Chopper (level 5, -1/47 HPs)
             Began as a Minotaur Fighter on Mar 27, 2021.
             Succumbed to a scorpion's poison
             ... on level 4 of the Dungeon.
             The game lasted 00:01:19 (1688 turns).

sahdkjhfkaj the Chopper (Minotaur Fighter)          Turns: 1688, Time: 00:01:19

Health: -1/47      AC: 14    Str: 21    XL:     5   Next: 23%
Magic:  4/4        EV:  6    Int:  5    God:
Gold:   53         SH:  0    Dex: 12    Spells: 4/4 levels left

rFire    . . .     SeeInvis .   a - +0 war axe
rCold    . . .     Faith    .   (no shield)
rNeg     . . .     Spirit   .   k - +0 plate armour
rPois    .         Reflect  .   (helmet restricted)
rElec    .         Harm     .   (no cloak)
rCorr    .         Rampage  .   (no gloves)
Will     .....                  (no boots)
Stlth    ..........             (no amulet)
HPRegen  0.15/turn              (no ring)
MPRegen  0.09/turn              (no ring)

@: lethally poisoned (-1 -> -17)
A: horns 2, retaliatory headbutt, hooves 1, slimy green scales 1, thin skeletal
structure 1
a: no special abilities


You were on level 4 of the Dungeon.
You visited 1 branch of the dungeon, and saw 4 of its levels.

You collected 53 gold pieces.

Inventory:

Hand Weapons
 a - a +0 war axe (weapon)
Armour
 k - a +0 plate armour (worn)
Scrolls
 e - a scroll of noise {unknown}
 f - a scroll of amnesia {unknown}
 i - a scroll of vulnerability {unknown}
 j - a scroll of magic mapping {unknown}
Potions
 d - a potion of brilliance
 h - a potion of flight {unknown}


   Skills:
 + Level 4.8 Fighting
 * Level 5.0 Axes
 + Level 4.7 Armour
 - Level 3.6 Shields


You had 4 spell levels left.
You didn't know any spells.
Your spell library contained the following spells:

 Spells                   Type           Power      Damage    Failure   Level
 Beastly Appendage        Tmut           0%         N/A       100%        1
 Wereblood                Tmut           0%         N/A       100%        2
 Spider Form              Tmut/Pois      0%         N/A       100%        3
 Ice Form                 Ice/Tmut       0%         N/A       100%        4
 Blade Hands              Tmut           0%         N/A       100%        5


Dungeon Overview and Level Annotations

Branches:
Dungeon (4/15)
 Temple: D:4-7

Altars:
Kikubaaqudgha
Ru
Sif Muna
Zin
The Shining One

Annotations:
D:3 2 transporters, robertstho's ghost, amateur MiHu


Innate Abilities, Weirdness & Mutations

You have a pair of horns on your head.
You reflexively headbutt those who attack you in melee.
You have large cloven feet.
You are partially covered in slimy green scales. (AC +2)
You have a somewhat thin skeletal structure. (Dex +2, Stealth)


Message History

The gnoll hits you but does no damage. The gnoll barely misses you.
There is a stone staircase leading down here.
The gnoll splashes around in the water.
You climb downwards.
A scorpion comes into view.
There is a stone staircase leading up here.
You barely miss the gnoll. You headbutt the gnoll.
You kill the gnoll!
Your Axes skill increases to level 5!
Things that are here:
a +0 flail; a gnoll corpse Your plate armour prevents you from hitting the scorpion.
You headbutt the scorpion, but do no damage.
The scorpion stings you but does no damage.
You barely miss the scorpion. The scorpion stings you.
* * * LOW HITPOINT WARNING * * *
You barely miss the scorpion. You headbutt the scorpion.
The scorpion is moderately wounded.
The scorpion stings you but does no damage. x2
It was a potion of brilliance.
You feel clever all of a sudden. The scorpion barely misses you.
It was a potion of invisibility.
You fade into invisibility!
The scorpion stings you but does no damage.
You are very lightly contaminated with residual magic.
It was a potion of cancellation.
Your magical effects are unravelling.
You feel magically purged.
Your magical contamination has completely faded away.
You flicker back into view.
You feel a little less clever now. The scorpion stings you.
* * * LOW HITPOINT WARNING * * *
You are lethally poisoned!
The scorpion poisons you!
It was a potion of mutation.
You feel extremely strange.
Your feet thicken and deform.
Your bones become slightly less dense.
Slimy green scales grow over part of your body.
You die...

.###
..#####
##.....##
.......##
#s......#
#@......#
##)....##
##<..##
##.## ##


You could see a scorpion.

Vanquished Creatures
  A hound (D:3)
  Jessica (D:2)
  Robin (D:2)
  A gnoll (D:4)
  5 adders
  A dart slug (D:1)
  An endoplasm (D:2)
  2 giant cockroaches
  10 goblins
  6 hobgoblins (D:2)
  A quokka (D:3)
  3 ball pythons (D:2)
  2 bats
  A frilled lizard (D:3)
  3 kobolds (D:2)
  6 rats
45 creatures vanquished.

Vanquished Creatures (others)
  18 plants (D:3)
18 creatures vanquished.

Grand Total: 63 creatures vanquished

Notes
Turn   | Place    | Note
-------+----------+-------------------------------------------
     0 | D:1      | sahdkjhfkaj the Minotaur Fighter began the quest for the
                  | Orb.
     0 | D:1      | Reached XP level 1. HP: 19/19 MP: 0/0
   313 | D:2      | Noticed Robin
   317 | D:2      | Reached XP level 2. HP: 27/27 MP: 1/1
   319 | D:2      | Reached skill level 3 in Axes
   319 | D:2      | Killed Robin
   323 | D:2      | Reached XP level 3. HP: 13/33 MP: 2/2
   623 | D:2      | Reached skill level 4 in Axes
   645 | D:2      | Reached XP level 4. HP: 40/40 MP: 3/3
   844 | D:2      | Found a glowing silver altar of Zin.
  1021 | D:2      | Found a sacrificial altar of Ru.
  1041 | D:2      | Noticed Jessica
  1055 | D:2      | Killed Jessica
  1271 | D:2      | Found a shimmering blue altar of Sif Muna.
  1271 | D:2      | Found a glowing golden altar of the Shining One.
  1388 | D:3      | Found a transporter.
  1397 | D:3      | Noticed robertstho's ghost (amateur MiHu)
  1397 | D:3      | Noticed a centaur
  1400 | D:3      | Found a transporter.
  1450 | D:3      | Reached XP level 5. HP: 31/47 MP: 4/4
  1509 | D:3      | Found an ancient bone altar of Kikubaaqudgha.
  1680 | D:4      | Reached skill level 5 in Axes
  1688 | D:4      | Gained mutation: You have large cloven feet. [potion of
                  | mutation]
  1688 | D:4      | Gained mutation: You have a somewhat thin skeletal
                  | structure. (Dex +2, Stealth) [potion of mutation]
  1688 | D:4      | Gained mutation: You are partially covered in slimy green
                  | scales. (AC +2) [potion of mutation]
  1688 | D:4      | Succumbed to a scorpion's poison

Illustrated notes

Levels and vault maps discovered:
D:1:      noname_arrival_rooms_in_the_neighbourhood, layout_basic
D:2:      layout_basic, nicolae_overflow_hidden_temple,
          gammafunk_temple_overflow_pools, nicolae_ru_awakened_eye,
          uniq_jessica, uniq_robin
D:3:      layout_basic, nicolae_overflow_crystal_walls, serial_bayou,
          serial_bayou_crossing, serial_bayou_pond_c, serial_bayou_ford_a,
          serial_bayou_lagoon_b, gammafunk_ghost_arena
D:4:      layout_cave_pods, grunt_temple_overflow_open,
          nemelex_xobeh_ov_fountains_minmay, uniq_edmund

Skill      XL: |  1  2  3  4  5 |
---------------+----------------+-----
Axes           | 3 4 5 |  5.0
Fighting       | 4 |  4.8
Armour         | 4 |  4.7
Shields        | |  3.6

Action                   |  1- 3 |  4- 6 || total
-------------------------+-------+-------++-------
Melee: War axe           |    31 |    50 ||    81
       Headbutt          |     6 |    12 ||    18
  Use: Potion            |     1 |     4 ||     5
Armor: Scale mail        |    24 |    12 ||    36
       Plate armour      |       |    20 ||    20
Dodge: Dodged            |     5 |    25 ||    30
Block: Kite shield       |    31 |       ||    31

Table legend: (Time is in decaauts)
 A = Elapsed time spent in this place.
 B = Non-inter-level travel time spent in this place.
 C = Inter-level travel time spent in this place.
 D = Time resting spent in this place.
 E = Time spent auto-exploring this place.
 F = Levels seen in this place.
 G = Mean time per level.
                   A        B        C        D        E       F      G
               +--------+--------+--------+--------+--------+-----+--------+
         Total |   1730 |   1694 |     36 |    235 |   1189 |   4 |  432.5 |
       Dungeon |   1730 |   1694 |     36 |    235 |   1189 |   4 |  432.5 |
               +--------+--------+--------+--------+--------+-----+--------+

Top non-repeatable levels by time:
     D:2: 1067 daAuts
     D:3: 348 daAuts
     D:1: 303 daAuts
     D:4: 10 daAuts
